Map: Nightscape LE

Players

qqq - Winner!

  • Race: Zerg Zerg
  • Spawn Location: 7:00

Massa - Winner!

  • Race: Terran Terran
  • League: Platinum
  • Spawn Location: 7:00

Achile

  • Race: Protoss Protoss
  • League: Diamond
  • Spawn Location: 1:00

Yepla

  • Race: Terran Terran
  • League: Master
  • Spawn Location: 1:00

VOD

Have the link to the VOD?

Description

Time

  • Played on: March 16, 2021, 12:42 p.m.
  • Length: 9:55
Show
View Real Time Build Order
Export as new Build Order

qqq Zerg - Winner!

Build Orders: Hatch First 

Get SALT Encoding   

  12  0:01  Drone  
  13  0:08  Drone  
  14  0:18  Overlord  
  14  0:49  Hatchery  
  13  0:53  Drone  
  13  0:54  Drone  
  15  1:04  Drone  
  15  1:05  Drone  
  17  1:20  Drone  
  18  1:28  Extractor, Spawning Pool  
  16  1:49  Drone x3  
  19  2:13  Drone  
  19  2:14  Overlord  
  20  2:19  Queen x2  
  24  2:24  Drone x2  
  24  2:25  Drone  
  24  2:26  Drone  
  28  2:36  Metabolic Boost  
  27  2:48  Drone x2  
  27  2:49  Drone  
  27  2:50  Zergling x2  
  31  2:54  Evolution Chamber  
  30  3:05  Zergling x2  
  31  3:06  Zergling x2  
  31  3:07  Zergling x2  
  31  3:08  Overlord  
  33  3:19  Zergling x2  
  34  3:23  Zerg Melee Weapons Level 1  
  34  3:24  Hatchery  
  34  3:26  Zergling x2  
  34  3:34  Zergling x4  
  34  3:35  Zergling x2  
  34  3:36  Zergling x2  
  34  3:38  Zergling x2  
  34  3:40  Zergling x2  
  40  3:42  Zergling x2  
  40  3:45  Zergling x2  
  42  3:49  Drone  
  42  3:53  Overlord  
  43  3:59  Zergling x2  
  43  4:00  Overlord  
  44  4:11  Zergling x4  
  44  4:12  Zergling x4  
  44  4:13  Zergling x2  
  44  4:15  Zergling x2  
  50  4:17  Zergling x2  
  50  4:23  Zergling x4  
  53  4:30  Lair  
  53  4:32  Zergling x2  
  53  4:36  Overlord  
  54  4:39  Zergling x2  
  55  4:48  Zergling x2  
  55  4:51  Drone  
  57  4:53  Zergling x2  
  57  4:57  Zergling x2  
  59  5:01  Zergling x2  
  59  5:02  Zergling x2  
  59  5:03  Drone  
  59  5:05  Drone  
  63  5:18  Zerg Ground Armor Level 1  
  59  5:27  Zergling x14  
  59  5:28  Zergling x4  
  64  5:33  Zergling x2  
  64  5:34  Zergling x2  
  54  5:44  Zergling x4  
  54  5:45  Zergling x2  
  55  5:51  Zergling x2  
  55  5:52  Zergling x4  
  57  5:57  Queen  
  57  6:03  Drone x3  
  57  6:04  Spire  
  53  6:20  Zergling x4  
  53  6:21  Zergling x6  
  45  6:44  Zergling x4  
  45  6:45  Drone, Zergling x8  
  51  6:53  Extractor, Queen, Spore Crawler  
  49  6:55  Extractor, Queen  
  49  6:59  Drone x3  
  49  7:00  Extractor  
  52  7:02  Spore Crawler  
  52  7:04  Spore Crawler  
  52  7:06  Drone x2  
  52  7:19  Mutalisk x2  
  52  7:21  Drone  
  52  7:22  Drone  
  58  7:27  Zergling x4  
  55  7:57  Zergling x10  
  55  7:58  Zergling x8  
  63  8:03  Zergling x4  
  63  8:04  Zergling x2  
  61  8:21  Mutalisk x2, Zergling x2  
  61  8:22  Drone x2  
  68  8:29  Hatchery, Mutalisk  
  68  8:30  Drone, Zergling x2  
  68  8:31  Zergling x4  
  73  8:37  Overlord  
  70  8:51  Mutalisk x2  
  70  8:53  Overlord x3  
  74  9:05  Mutalisk  
  74  9:06  Mutalisk  
  74  9:07  Drone  
  74  9:08  Zergling x4  
  81  9:23  Mutalisk  
  83  9:25  Mutalisk  
  83  9:26  Drone x3  
  88  9:35  Drone x3  
Show
View Real Time Build Order
Export as new Build Order

Massa Terran - Winner!

Build Orders: 2 Factory, Reaper Expand 

Get SALT Encoding   

  12  0:00  SCV  
  13  0:12  SCV  
  14  0:20  Supply Depot  
  14  0:24  SCV  
  15  0:42  SCV  
  16  0:43  Barracks  
  16  0:47  Refinery  
  16  0:54  SCV  
  17  1:06  SCV  
  18  1:18  SCV  
  19  1:34  Orbital Command  
  19  1:40  Command Center  
  19  1:45  Reaper  
  20  2:07  SCV  
  21  2:11  Supply Depot  
  21  2:19  SCV  
  22  2:28  Factory  
  22  2:38  Barracks Tech Lab  
  22  2:54  SCV  
  22  2:55  Refinery, Orbital Command  
  23  2:59  Refinery  
  23  3:00  Factory  
  23  3:06  SCV  
  24  3:17  Barracks Tech Lab  
  24  3:23  SCV x2  
  26  3:30  Engineering Bay  
  26  3:33  Cyclone  
  29  3:35  SCV x2  
  31  3:47  SCV x2  
  33  3:54  Refinery, Cyclone  
  36  3:59  SCV  
  37  4:06  Cyclone  
  37  4:09  SCV  
  41  4:11  SCV  
  41  4:12  Mag-Field Accelerator  
  42  4:18  Missile Turret  
  42  4:21  Missile Turret  
  42  4:25  Barracks Tech Lab  
  42  4:26  SCV x2  
  44  4:35  Supply Depot  
  44  4:37  Supply Depot  
  44  4:38  SCV x2, Terran Infantry Weapons Level 1  
  44  4:39  Supply Depot  
  46  4:49  Missile Turret  
  46  4:56  SCV, Cyclone x2  
  46  4:59  SCV  
  54  5:03  Stimpack  
  54  5:08  SCV  
  51  5:28  Cyclone x2  
  59  5:36  Marauder  
  61  5:57  Marauder  
  61  6:01  Cyclone x2  
  67  6:06  SCV x2  
  69  6:18  SCV  
  70  6:19  SCV  
  62  6:30  SCV  
  62  6:31  SCV  
  64  6:33  Cyclone x2  
  70  6:51  Supply Depot x2  
  70  6:52  Supply Depot  
  70  6:54  Supply Depot, Combat Shield  
  70  6:58  Barracks  
  70  6:59  Barracks x2  
  70  7:06  Marine  
  70  7:07  SCV x2  
  67  7:24  Marine  
  68  7:35  Cyclone x2  
  74  8:07  Cyclone  
  68  8:44  Cyclone  
  68  8:45  Cyclone, SCV  
  68  8:46  SCV  
  76  8:58  SCV x2  
  78  9:10  SCV x2  
  78  9:17  Cyclone  
  80  9:22  SCV x2  
  73  9:39  Barracks Reactor, Barracks Tech Lab, Command Center  
  73  9:40  Barracks Reactor  
Show
View Real Time Build Order
Export as new Build Order

Achile Protoss 

Build Orders: Nexus First 

Get SALT Encoding   

  12  0:00  Probe (Chrono Boost)  
  13  0:10  Probe (Chrono Boost)  
  14  0:15  Probe (Chrono Boost)  
  15  0:49  Nexus  
  15  0:56  Pylon  
  15  1:14  Probe (Chrono Boost)  
  15  1:15  Forge  
  17  1:26  Probe (Chrono Boost)  
  17  1:31  Probe (Chrono Boost)  
  18  1:36  Assimilator  
  18  1:40  Assimilator  
  18  1:41  Probe  
  19  1:53  Probe, Photon Cannon  
  20  1:56  Photon Cannon  
  20  2:05  Gateway  
  20  2:15  Pylon  
  20  2:17  Probe (Chrono Boost)  
  20  2:20  Probe (Chrono Boost)  
  22  2:29  Probe (Chrono Boost)  
  24  2:31  Probe (Chrono Boost)  
  24  2:37  Probe x2 (Chrono Boost)  
  25  2:43  Probe  
  26  2:44  Probe  
  28  2:56  Probe, Cybernetics Core  
  29  3:00  Assimilator  
  29  3:02  Probe, Assimilator  
  30  3:10  Probe (Chrono Boost)  
  31  3:15  Probe (Chrono Boost)  
  31  3:18  Pylon  
  32  3:25  Probe x2 (Chrono Boost)  
  32  3:26  Protoss Shields Level 1  
  34  3:31  Probe (Chrono Boost)  
  34  3:32  Probe  
  36  3:43  Probe, Stargate  
  37  3:49  Stargate  
  37  3:51  Probe  
  37  3:55  Probe  
  39  4:05  Probe (Chrono Boost)  
  41  4:10  Probe (Chrono Boost)  
  41  4:11  Photon Cannon  
  42  4:17  Probe (Chrono Boost)  
  42  4:20  Void Ray (Chrono Boost)  
  42  4:23  Probe (Chrono Boost), Void Ray (Chrono Boost)  
  42  4:24  Protoss Air Weapons Level 1  
  47  4:37  Pylon  
  51  4:50  Void Ray  
  51  4:53  Void Ray  
  51  4:57  Photon Cannon  
  59  5:04  Pylon  
  59  5:27  Void Ray  
  59  5:30  Void Ray  
  65  6:04  Void Ray  
  69  6:17  Void Ray  
  68  6:41  Pylon  
  68  6:46  Pylon  
  68  6:48  Pylon  
  48  7:18  Void Ray x2 (Chrono Boost)  
  52  7:34  Pylon  
  52  7:36  Fleet Beacon  
  48  8:06  Pylon  
  48  8:07  Pylon  
  32  8:57  Pylon  
  15  9:36  Probe (Chrono Boost)  
  16  9:39  Pylon  
  16  9:41  Pylon  
  16  9:42  Pylon  
  16  9:43  Pylon  
  17  9:45  Probe (Chrono Boost)  
Show
View Real Time Build Order
Export as new Build Order

Yepla Terran 

Build Orders: Reaper Expand 

Get SALT Encoding   

  12  0:00  SCV  
  13  0:12  SCV  
  14  0:17  Supply Depot  
  14  0:24  SCV  
  15  0:38  SCV  
  15  0:39  Barracks  
  16  0:44  Refinery  
  16  0:50  SCV  
  17  1:03  SCV  
  18  1:15  SCV  
  19  1:30  Orbital Command  
  19  1:31  Reaper  
  20  1:47  Command Center  
  20  1:56  SCV  
  20  2:00  Supply Depot  
  21  2:03  Barracks Reactor  
  21  2:08  SCV  
  22  2:15  Barracks  
  22  2:20  SCV  
  22  2:22  Bunker  
  23  2:29  Refinery  
  23  2:32  SCV  
  24  2:44  Marine x2  
  24  2:47  SCV  
  26  2:56  Factory  
  26  3:00  Orbital Command  
  26  3:02  Marine x2  
  26  3:05  Barracks Tech Lab  
  28  3:06  SCV  
  29  3:18  SCV  
  30  3:20  Marine  
  30  3:23  Marine  
  32  3:27  Stimpack  
  32  3:29  Marine  
  32  3:30  SCV x2  
  35  3:37  Marine  
  35  3:40  Factory Reactor, Supply Depot  
  36  3:42  SCV  
  36  3:46  Starport  
  36  3:47  SCV  
  38  3:54  SCV  
  39  3:59  SCV  
  40  4:04  Supply Depot  
  40  4:06  SCV  
  41  4:12  SCV  
  41  4:13  Marine  
  41  4:14  Marine x2  
  45  4:18  SCV  
  45  4:20  Refinery  
  45  4:22  Refinery  
  45  4:24  SCV  
  47  4:25  Barracks  
  47  4:26  Supply Depot  
  47  4:30  SCV, Medivac  
  50  4:33  Medivac  
  50  4:36  SCV  
  53  4:42  SCV  
  54  4:48  SCV  
  54  4:51  Supply Depot  
  55  4:54  SCV  
  55  4:57  Command Center  
  56  5:00  SCV  
  56  5:04  Factory Reactor  
  56  5:06  SCV, Marine  
  59  5:12  SCV  
  59  5:14  Orbital Command  
  60  5:16  Engineering Bay x2  
  25  5:49  Marine  
  19  5:50  Marine x2  
  19  5:51  SCV  
  19  5:54  Marine  
  19  5:55  Widow Mine x2  
  20  6:04  SCV  
  20  6:07  Marine  
  20  6:08  Marine  
  22  6:12  Marine  
  22  6:13  Marine  
  22  6:25  Marine  
  12  6:39  Medivac x2  
  14  7:13  SCV  
  15  7:19  Barracks Reactor  
  15  7:25  SCV  
  6  8:40  Medivac  
  6  8:41  Marine x2, Medivac  
  10  8:42  Marine x3  
  10  8:47  Factory Tech Lab  
  13  8:59  Marine x3  
  14  9:07  Marine x2  
  14  9:08  Siege Tank  
  19  9:31  Marine x2  
  19  9:32  Marine  
Tags
 
Add a new tag
Caveats
  • Supply blocks, unpowered buildings, or Contaminate may cause inaccurate times.
  • Supply counts are checked every 10 seconds.